 Dungeon Crawl Stone Soup version 0.31-a0-557-g6e16503903 (webtiles) character file.

Game seed: 5126243297638638965

4191 Arcadio the Fighter (level 10, -3/83 HPs)
             Began as a Formicid Fighter on Aug 16, 2023.
             Was a Follower of Lugonu.
             Succumbed to a redback's poison
             ... on level 9 of the Dungeon.
             The game lasted 00:16:52 (7946 turns).

Arcadio the Fighter (Formicid Fighter)              Turns: 7946, Time: 00:16:53

Health: -3/83      AC: 15    Str: 24    XL:     10   Next: 54%
Magic:  24/24      EV:  7    Int:  9    God:    Lugonu [*.....]
Gold:   423        SH:  5    Dex: 13    Spells: 9/9 levels left

rFire   . . .        y - +0 broad axe (freeze)
rCold   . . .        c - +0 buckler
rNeg    . . .        f - +0 plate armour
rPois   .            (helmet unavailable)
rElec   .            (no cloak)
rCorr   .            (no gloves)
SInv    +            k - +0 pair of boots
Will    +....        (no amulet) Stlth
                     B - ring of magical power
HPRegen 0.33/turn    (no ring)
MPRegen 0.19/turn

%: no passive effects
@: lethally poisoned (-3 -> -35)
A: permanent stasis, dig shafts and tunnels, antennae 3, four strong arms
a: Dig, Shaft Self, Renounce Religion, Depart the Abyss


You were on level 9 of the Dungeon.
You worshipped Lugonu.
Lugonu was aware of your devotion.
You visited 2 branches of the dungeon, and saw 9 of its levels.

You collected 423 gold pieces.

Inventory:

Hand Weapons
 a - a +0 war axe
 y - a +0 broad axe of freezing (weapon)
 A - a +4 morningstar
Armour
 b - a +0 scale mail
 c - a +0 buckler (worn)
 f - a +0 plate armour (worn)
 k - a +0 pair of boots (worn)
Jewellery
 B - a ring of magical power (left hand)
Wands
 w - a wand of digging (2)
 z - a wand of polymorph (8)
Scrolls
 h - 2 scrolls of summoning
 i - a scroll of fog {unknown}
 l - a scroll of immolation {unknown}
 m - 2 scrolls of poison {unknown}
 n - 2 scrolls of noise {unknown}
 p - 3 scrolls of vulnerability
 r - a scroll of blinking {unknown}
 s - 2 scrolls of enchant armour {unknown}
 t - 2 scrolls of teleportation
 v - a scroll of revelation {unknown}
Potions
 d - 5 potions of might
 e - 2 potions of curing {unknown}
 g - 2 potions of attraction
 j - 2 potions of mutation
 o - a potion of brilliance {unknown}
 q - 3 potions of cancellation
 u - 2 potions of berserk rage
 x - 2 potions of ambrosia {unknown}


   Skills:
 + Level 9.1 Fighting
 + Level 7.8 Axes
 + Level 9.0 Armour
 - Level 4.0 Shields
 + Level 7.3 Invocations


You had 9 spell levels left.
You didn't know any spells.
Your spell library contained the following spells:

 Spells                   Type           Power      Damage    Failure   Level
 Volatile Blastmotes      Fire/Tloc      0%         2d10      100%        3
 Fulminant Prism          Conj/Hex       0%         3d5       100%        4
 Iskenderun's Mystic Bla  Conj/Tloc      0%         2d3       100%        4
 Fireball                 Conj/Fire      0%         3d3       100%        5
 Iskenderun's Battlesphe  Conj           0%         2d6       100%        5
 Conjure Ball Lightning   Conj/Air       0%         3x3d6     100%        6
 Orb of Destruction       Conj           0%         9d5       100%        7


Dungeon Overview and Level Annotations

Branches:
Dungeon (7/15) Zot: 26999  Temple (1/1) D:4 Zot: 5998

Altars:
Ashenzari
Cheibriados
Fedhas
Gozag
Hepliaklqana
Kikubaaqudgha
Makhleb
Nemelex Xobeh
Qazlal
Ru
Sif Muna
Trog
Uskayaw
Vehumet
Wu Jian
Xom
Yredelemnul
Zin
The Shining One
Lugonu

Shops:
D:1 !

Annotations:
D:7 2 runed translucent doors
Abyss:1 Jeremiah, Joseph, Pikel


Innate Abilities, Weirdness & Mutations

You cannot be hasted, slowed, berserked, paralysed or teleported.
You can dig through walls and to a lower floor.
You have a pair of large antennae on your head. (SInv)
Your four strong arms can wield two-handed weapons with a shield.


Message History

Done exploring.
Okay, then.
Done exploring.
Done exploring.
There is a stone staircase leading down here.
You climb downwards.
Level annotation: 5 runed translucent doors
There is a stone staircase leading up here.
The killer bee buzzes angrily.
The killer bee buzzes angrily. x4; The water moccasin hisses angrily.
You hear an angry hiss. x2
The adder hisses angrily.
The water moccasin hisses angrily.
You open the gate. The redback bites you.
You are poisoned.
The redback poisons you!
You feel extremely sick.
You closely miss the redback.
You feel very sick. The redback bites you!
You hit the redback. You freeze the redback.
The redback is moderately wounded.
You feel very sick. The redback completely misses you. The redback bites you!
You are lethally poisoned!
The redback poisons you!
You feel extremely sick.
The redback bites you but does no damage.
The redback bites you!
You begin to dig a shaft.
You continue digging a shaft.
* * * LOW HITPOINT WARNING * * *
You feel extremely sick. The redback barely misses you.
A shaft appears beneath you!
You fall into a shaft and drop 2 floors!
The shaft crumbles and collapses.
* * * LOW HITPOINT WARNING * * *
You feel very sick.
It was a potion of berserk rage.
Your stasis prevents you from going berserk.
You die...

## # .#.#
.#.# ...#
##..#
.#.####..#
.......@#
........#
........#
........#
........#
........#
........#
...%.....


There were no monsters in sight!

Vanquished Creatures
  Prince Ribbit (D:6)
  3 yaks
  3 water moccasins
  Duvessa (D:7)
  2 orc warriors (D:7)
  A black bear (D:6)
  An ice beast (D:6)
  An ogre (D:7)
  A phantom (D:4)
  3 bullfrogs
  3 scorpions
  3 wights (D:6)
  Dowan (D:7)
  A vampire bat (D:7)
  A howler monkey (D:5)
  5 orc priests
  4 hounds
  3 iguanas
  5 orc wizards
  8 adders
  4 gnolls (D:6)
  3 white imps
  An ufetubus (D:5)
  5 dart slugs
  8 orcs
  5 bats
  3 bat skeletons (D:7)
  2 bat zombies (D:7)
  3 endoplasms
  A giant cockroach (D:1)
  7 goblins
  4 hobgoblins
  5 jackals (D:3)
  6 quokkas
  5 ball pythons (D:1)
  3 frilled lizards
  6 kobolds
  10 rats
132 creatures vanquished.

Vanquished Creatures (others)
  An orc wizard (D:7)
1 creature vanquished.

Grand Total: 133 creatures vanquished

Notes
Turn   | Place    | Note
-------+----------+-------------------------------------------
     0 | D:1      | Arcadio the Formicid Fighter began the quest for the Orb.
     0 | D:1      | Reached XP level 1. HP: 18/18 MP: 1/1
   203 | D:1      | Reached XP level 2. HP: 24/24 MP: 2/2
   426 | D:1      | Reached XP level 3. HP: 28/30 MP: 3/3
   687 | D:1      | Found Vomonap's Distillery.
  1258 | D:2      | Found a faded altar of an unknown god.
  1262 | D:2      | Prayed at the altar of an unknown god.
  1262 | D:2      | Became a worshipper of Lugonu the Unformed
  1262 | D:2      | Reached * piety under Lugonu
  1361 | D:2      | Reached XP level 4. HP: 37/37 MP: 4/4
  2409 | D:4      | Reached XP level 5. HP: 32/43 MP: 5/5
  2687 | D:4      | Found a staircase to the Ecumenical Temple.
  2687 | D:4      | Noticed a phantom
  2703 | D:4      | Killed a phantom
  2704 | D:4      | Reached XP level 6. HP: 36/50 MP: 6/6
  2758 | Temple   | Entered the Ecumenical Temple
  2824 | D:4      | Found a stormy altar of Qazlal.
  2855 | D:4      | Found a bloodstained altar of Trog.
  3002 | D:4      | Reached skill level 5 in Fighting
  3382 | D:5      | Entered Level 5 of the Dungeon
  3397 | D:5      | Reached skill level 5 in Armour
  3572 | D:5      | Reached XP level 7. HP: 54/56 MP: 7/7
  3580 | D:5      | Reached ** piety under Lugonu
  4319 | D:6      | Noticed Prince Ribbit
  4330 | D:6      | Killed Prince Ribbit
  4331 | D:6      | Reached skill level 5 in Axes
  4331 | D:6      | Reached skill level 1 in Invocations
  4331 | D:6      | Reached XP level 8. HP: 50/64 MP: 7/9
  4653 | D:6      | Noticed a yak
  4653 | D:6      | Noticed a yak
  4653 | D:6      | Noticed a yak
  4678 | D:6      | Banished a yak
  4694 | D:6      | Banished a yak
  5150 | D:6      | Noticed a yak
  5150 | D:6      | Noticed a yak
  5202 | D:5      | Killed a yak
  5203 | D:5      | Reached XP level 9. HP: 66/72 MP: 10/12
  5595 | D:6      | Reached skill level 5 in Invocations
  5785 | D:6      | Noticed Jeremiah
  5812 | D:6      | You fall into a shaft and drop 1 floor!
  6115 | D:7      | Noticed Joseph
  6117 | D:7      | Banished Joseph
  6418 | D:7      | Found the +9 staff of Olgreb {rPois∞}
  6430 | D:7      | Noticed Pikel
  6431 | D:7      | Banished Pikel
  6432 | D:7      | Reached XP level 10. HP: 82/82 MP: 9/14
  6478 | D:7      | Found a runed translucent gate.
  6478 | D:7      | Found a runed translucent gate.
  6479 | D:7      | Found a runed translucent door.
  6499 | D:7      | Found a runed translucent gate.
  6507 | D:7      | Found a runed translucent door.
  6813 | D:7      | Noticed Duvessa
  6813 | D:7      | Noticed Dowan
  6820 | D:7      | Killed Duvessa
  6831 | D:7      | Killed Dowan
  7144 | D:7      | Found an ancient bone altar of Kikubaaqudgha.
  7705 | D:6      | Banished Jeremiah
  7945 | D:7      | You fall into a shaft and drop 2 floors!
  7945 | D:9      | HP: 3/83 [poisoned by a redback]
  7946 | D:9      | Succumbed to a redback's poison

Illustrated notes

Levels and vault maps discovered:
D:1:      onia_arrival_mini_maze, layout_loops_corners, serial_shops,
          nicolae_shop_competitors_out_of_business
D:2:      layout_loops_ring, shapermc_ecumenical_altar_mp_urbaneastern
D:3:      layout_loops_ring
D:4:      layout_basic, mainiacjoe_overflow_swirl, minmay_temple_entry_fiery,
          minivault_19
D:5:      layout_basic
D:6:      layout_basic, chequers_serial_rivers_micro_a, uniq_jeremiah,
          uniq_prince_ribbit1
D:7:      layout_basic, kennysheep_vampire_church,
          minmay_guarded_unrand_staff_of_olgreb, uniq_joseph, uniq_duvessa,
          uniq_pikel
D:9:      minmay_the_grid_octo_tiled_squarecenter
          [minmay_the_grid_octo_pinwheel, minmay_the_grid_octo_clover_2,
          minmay_the_grid_octo_tetromino_candy, minmay_the_grid_octo_shrine,
          minmay_the_grid_square_5x5_megaprize_hollow,
          minmay_the_grid_square_5x5_percent,
          minmay_the_grid_square_5x5_broken_cross,
          minmay_the_grid_square_5x5_trominoes,
          minmay_the_grid_square_5x5_checkered_statues], layout_basic,
          okawaru_trees_1, lemuel_doored_altar, kennysheep_generic_room_11
Temple:   eino_temple_scatter_basement

Skill      XL: |  1  2  3  4  5  6  7  8  9 10 |
---------------+-------------------------------+-----
Fighting       | 4 5 6 7 8 9 |  9.1
Armour         | 4 5 6 7 8 9 |  9.0
Axes           | 3 4 5 6 7 |  7.8
Invocations    | 1 4 6 7 |  7.3
Shields        | |  4.0

Action                     |  1- 3 |  4- 6 |  7- 9 | 10-12 || total
---------------------------+-------+-------+-------+-------++-------
  Melee: War axe           |   104 |    55 |       |       ||   159
         Broad axe         |       |    76 |   163 |    65 ||   304
 Invoke: Banish            |       |       |     5 |     2 ||     7
Ability: Dig               |       |       |     1 |       ||     1
         Shaft Self        |       |       |     1 |     1 ||     2
    Use: Scroll            |       |     3 |     4 |       ||     7
         Potion            |       |       |     1 |     1 ||     2
 Armour: Scale mail        |    10 |       |       |       ||    10
         Plate armour      |    63 |    70 |    92 |    57 ||   282
  Dodge: Dodged            |    33 |    42 |    44 |    23 ||   142
  Block: Buckler           |    29 |    24 |    41 |    13 ||   107

Table legend: (Time is in decaauts)
 A = Elapsed time spent in this place.
 B = Non-inter-level travel time spent in this place.
 C = Inter-level travel time spent in this place.
 D = Time resting spent in this place.
 E = Time spent auto-exploring this place.
 F = Levels seen in this place.
 G = Mean time per level.
                   A        B        C        D        E       F      G
               +--------+--------+--------+--------+--------+-----+--------+
         Total |   8115 |   7887 |    228 |    463 |   5902 |   9 |  901.7 |
       Dungeon |   8114 |   7886 |    228 |    463 |   5902 |   8 | 1014.2 |
        Temple |      1 |      1 |      0 |      0 |      0 |   1 |    1.0 |
               +--------+--------+--------+--------+--------+-----+--------+

Top non-repeatable levels by time:
     D:6: 2009 daAuts
     D:7: 1652 daAuts
     D:1: 1069 daAuts
     D:4: 1062 daAuts
     D:5: 985 daAuts
     D:2: 698 daAuts
     D:3: 635 daAuts
  Temple: 1 daAuts
     D:9: 0 daAuts
